 Dungeon Crawl Stone Soup version 0.18.1-6-gd335043 (webtiles) character file.

1080 pipel the Magician (level 8, -5/54 HPs)
             Began as a Mummy Wizard on May 17, 2016.
             Slain by a vampire (8 damage)
             ... on level 5 of the Dungeon on May 18, 2016.
             The game lasted 00:23:11 (7023 turns).

pipel the Magician (Mummy Wizard)                   Turns: 7023, Time: 00:23:12

Health: -5/54      AC:  4    Str: 10    XL:     8   Next: 8%
Magic:  16/18      EV: 12    Int: 19    God:
Gold:   282        SH:  0    Dex: 11    Spells: 5 memorised, 9 levels left

rFire  . . .     SeeInvis .     A - +6 short sword of the Beginning {drain, +Blink}
rCold  + . .     Gourm    .     g - +0 robe
rNeg   + + +     Faith    .     (no shield)
rPois  ∞         Spirit   .     n - +0 helmet
rElec  .         Dismiss  .     r - +0 cloak
rCorr  .         Reflect  .     (no gloves)
SustAt .         Harm     .     (no boots)
MR     ++...                    (no amulet)
Stlth  ++........               D - ring of protection from fire
                                h - ring of protection from magic

@: very slightly contaminated, very resistant to hostile enchantments,
unstealthy
A: no food or potions, fire vulnerability, cold resistance 1, negative energy
resistance 3, torment resistance, unbreathing
a: Evoke Blink


You were on level 5 of the Dungeon.
You were not hungry.

You visited 1 branch of the dungeon, and saw 5 of its levels.

You collected 282 gold pieces.

Inventory:

Hand Weapons
 b - a +3 dagger of venom
 i - a +0 mace
 t - a +0 spear
 u - a cursed -3 quarterstaff
 w - a +0 trident
 A - the +6 short sword of the Beginning (weapon) {drain, +Blink}
   (You found it on level 4 of the Dungeon)

   A truly terrible weapon, it drains the life of those it strikes.
   It lets you blink.
Missiles
 d - 110 stones (quivered)
 f - 79 sling bullets
 m - 98 arrows
 o - 70 bolts
 y - 6 exploding tomahawks
 B - 7 tomahawks
Armour
 g - a +0 robe (worn)
 k - a +0 hat
 n - a +0 helmet (worn)
 q - a +0 buckler
 r - a +0 cloak (worn)
Magical Staves
 a - an uncursed staff of power
Jewellery
 e - an uncursed ring of ice
 h - a ring of protection from magic (left hand)
 D - a ring of protection from fire (right hand)
Wands
 l - a wand of digging (17/24)
 v - a wand of slowing (12/48)
 z - a wand of digging (17/24)
Scrolls
 j - 5 scrolls of remove curse
 p - a scroll of fog
 s - 2 scrolls of magic mapping
 x - 3 scrolls of identify
 C - 2 scrolls of enchant weapon
 E - a scroll of recharging
Books
 c - a book of Minor Magic

   Spells                             Type                      Level
   a - Magic Dart                     Conjuration                  1
   b - Blink                          Translocation                2
   c - Call Imp                       Summoning                    2
   d - Repel Missiles                 Charms/Air                   2
   e - Slow                           Hexes                        2
   f - Conjure Flame                  Conjuration/Fire             3
   g - Mephitic Cloud                 Conjuration/Poison/Air       3


   Skills:
 + Level 1.2 Fighting
 + Level 0.7 Short Blades
 + Level 0.1 Throwing
 + Level 2.7 Dodging
 - Level 1.6 Stealth
 + Level 6.7 Spellcasting
 * Level 4.4 Conjurations
 - Level 0.8 Summonings
 + Level 0.7 Translocations
 + Level 1.0 Fire Magic
 + Level 0.4 Air Magic
 + Level 0.2 Poison Magic
 + Level 0.1 Evocations


You had 9 spell levels left.
You knew the following spells:

 Your Spells              Type           Power        Failure   Level  Hunger
a - Magic Dart            Conj           ###.         1%          1    N/A
b - Blink                 Tloc           N/A          14%         2    N/A
c - Call Imp              Summ           #.......     12%         2    N/A
d - Conjure Flame         Conj/Fire      ###.....     12%         3    N/A
e - Mephitic Cloud        Conj/Pois/Air  ##......     17%         3    N/A

Dungeon Overview and Level Annotations

Branches:
Dungeon (5/15)             Temple (0/1) D:5

Altars:
Okawaru

Annotations:
D:2 exclusion: downstairs


Innate Abilities, Weirdness & Mutations

You do not eat or drink.
Your flesh is vulnerable to fire.
You are immune to poison.
Your flesh is cold resistant.
You are immune to negative energy.
You are immune to unholy pain and torment.
You can survive without breathing.


Message History

* * * LOW HITPOINT WARNING * * *
You take 12 damage, and have 14/54 hp.
MASSIVE DAMAGE!!
You hit something but do no damage.
Your white imp closely misses something.
Your crimson imp closely misses something.
Something hits you.
* * * LOW HITPOINT WARNING * * *
Something bites you but does no damage.
You take 5 damage, and have 9/54 hp.
Casting: Magic Dart
Confirm with . or Enter, or press ? or * to list all spells.
You miscast Blink.
You are very lightly contaminated with residual magic.
You feel uncomfortable.
Your white imp closely misses something.
Your crimson imp hits something but does no damage.
Something hits you.
* * * LOW HITPOINT WARNING * * *
Something bites you!
You die...

#.#...#......##......#
#.#.>.#......##....###
###)..#......##....#
#####......##....#####
#.....>##...........
#......##..........#
#......##5.........#
######.##55........#
#..@{....%....#
#######...!.<.#
#.......# .$..## ####


You could see a friendly crimson imp and 2 friendly white imps.

Vanquished Creatures
  The ghost of Mefis the Magician, an amateur DEWz (D:3)
  A sky beast (D:5)
  2 ice beasts (D:5)
  An ogre (D:5)
  A centaur (D:5)
  3 scorpions
  An orc priest (D:4)
  An iguana (D:3)
  Robin (D:3)
  4 adders
  2 howler monkey skeletons
  4 oozes
  An adder skeleton (D:4)
  2 worms
  A dart slug (D:2)
  6 giant geckos
  9 orcs
  2 giant cockroaches
  10 goblins
  13 hobgoblins
  10 jackals
  5 quokkas
  2 ball pythons
  10 bats
  3 giant newts
  7 kobolds
  A quokka skeleton (D:3)
  4 rats
108 creatures vanquished.

Vanquished Creatures (collateral kills)
  Grinder (D:3)
  A crimson imp (D:5)
  A dart slug (D:5)
3 creatures vanquished.

Grand Total: 111 creatures vanquished

Notes
Turn   | Place    | Note
--------------------------------------------------------------
     0 | D:1      | pipel the Mummy Wizard began the quest for the Orb.
     0 | D:1      | Reached XP level 1. HP: 13/13 MP: 4/4
   377 | D:1      | Reached skill level 1 in Conjurations
   475 | D:1      | Reached XP level 2. HP: 7/19 MP: 0/6
   850 | D:1      | Learned a level 2 spell: Blink
   853 | D:1      | Learned a level 2 spell: Call Imp
  1555 | D:2      | Reached XP level 3. HP: 23/24 MP: 4/8
  1621 | D:2      | Learned a level 3 spell: Conjure Flame
  2037 | D:2      | Reached skill level 4 in Spellcasting
  2338 | D:3      | Noticed a scorpion
  2345 | D:3      | Killed a scorpion
  2345 | D:3      | Reached XP level 4. HP: 6/30 MP: 8/10
  2665 | D:3      | Noticed Grinder
  3002 | D:3      | Noticed Robin
  3024 | D:3      | Killed Robin
  3024 | D:3      | Reached XP level 5. HP: 29/35 MP: 6/12
  3379 | D:3      | Noticed Mefis's ghost (amateur DEWz)
  3395 | D:3      | Killed Mefis's ghost
  3395 | D:3      | Reached skill level 5 in Spellcasting
  3526 | D:3      | Learned a level 3 spell: Mephitic Cloud
  3900 | D:3      | Reached XP level 6. HP: 42/42 MP: 13/13
  4113 | D:3      | Paralysed by Grinder for 6 turns
  4115 | D:3      | Killed Grinder
  4267 | D:3      | Reached skill level 1 in Fighting
  4480 | D:4      | Reached XP level 7. HP: 48/48 MP: 15/15
  4571 | D:4      | Got a crude short sword
  4572 | D:4      | Identified the +6 short sword of the Beginning {drain, +Blink} (You found it on level 4 of the Dungeon)
  5859 | D:5      | Entered Level 5 of the Dungeon
  5896 | D:5      | Reached skill level 6 in Spellcasting
  6077 | D:5      | Found an iron altar of Okawaru.
  6371 | D:5      | Found a staircase to the Ecumenical Temple.
  6524 | D:5      | Reached skill level 1 in Fire Magic
  6822 | D:5      | Reached XP level 8. HP: 54/54 MP: 16/18
  7023 | D:5      | Slain by a vampire

Skill      XL: |  1  2  3  4  5  6  7 |
---------------+----------------------+-----
Conjurations   | 1 2 4 |  4.4
Spellcasting   | 4 5 6 |  6.7
Dodging        | 2 |  2.7
Fighting       | 1 |  1.2
Fire Magic     | 1 |  1.0
Short Blades   | |  0.7
Throwing       | |  0.1
Stealth        | |  1.6
Summonings     | |  0.8
Translocations | |  0.7
Air Magic      | |  0.4
Poison Magic   | |  0.2
Evocations     | |  0.1

Action                   |  1- 3 |  4- 6 |  7- 9 || total
-------------------------+-------+-------+-------++-------
Melee: Mace              |     8 |       |       ||     8
       Dagger            |    36 |    59 |       ||    95
       Short sword       |       |       |     6 ||     6
Throw: Stone             |     6 |       |       ||     6
 Cast: Magic Dart        |    78 |    88 |   145 ||   311
       Conjure Flame     |       |     4 |    11 ||    15
       Call Imp          |       |     4 |    13 ||    17
       Mephitic Cloud    |       |     3 |     9 ||    12
Evoke: Wand              |       |     1 |       ||     1
  Use: Scroll            |     5 |     4 |     3 ||    12
 Stab: Sleeping          |       |     1 |       ||     1
Armor: Robe              |     3 |     9 |     9 ||    21
Dodge: Dodged            |    37 |    46 |    10 ||    93
